Avalanche vs Oilers

Created - March 6 2007 at 19:58

Goals
1 2 3 T
Avalanche 3 1 1 5
Oilers 0 0 3 3
Shots
1 2 3 T
Avalanche 10 14 12 36
Oilers 10 17 13 40

Period #1

1. Avalanche , Joffrey Lupul 19 (Joe Sakic) at 0:06
2. Avalanche , Pierre Turgeon 18 (Jordan Leopold) at 11:10
3. Avalanche , Jordan Leopold 6 (Mike York, Keith Ballard) at 18:25

Penalities :
Keith Ballard (COL) for Kneeing (Major) at 2:01, Jordan Leopold (COL) for Diving (Minor) at 11:25

Period #2

4. Avalanche , Derek Armstrong 3 (Keith Ballard, Mike York) at 0:50

Penalities :
Brendan Witt (EDM) for High sticking (Minor) at 2:18, Ethan Moreau (EDM) for Roughing (Minor) at 4:21, Joffrey Lupul (COL) for Slashing (Minor) at 7:00, Shawn Horcoff (EDM) for Delaying the game (Minor) at 14:10

Period #3

5. Oilers , Ales Hemsky 28 (Nicklas Lidstrom) at 5:54
6. Avalanche , Joe Sakic 25 (Jan Hrdina) at 8:27 (PP)
7. Oilers , Keith Tkachuk 15 (Ales Hemsky, Jarret Stoll) at 12:25
8. Oilers , Ryan Smyth 21 (Ruslan Salei) at 14:59

Penalities :
Brendan Witt (EDM) for Interference (Minor) at 8:17, Brendan Witt (EDM) for Roughing (Minor) at 13:44, Jan Hrdina (COL) for Boarding (Minor) at 13:57

Goalie Stats

Jose Theodore (COL), 37 saves from 40 shots - (0.925), W, 20-12-2, 60:00 minutes
Dwayne Roloson (EDM), 8 saves from 12 shots - (0.667), L, 21-21-4, 20:50 minutes
Jussi Markkanen (EDM), 23 saves from 24 shots - (0.958), 39:10 minutes

Players Stats

Avalanche
Player Name              G  A  P  +/- PIM S  H  SB FO MP 
-----------------------------------------------------------
Alexei Zhitnik           0  0  0   0  0   0  3  3  0  25 
Antti Laaksonen          0  0  0   0  0   4  0  0  3  15 
Brett McLean             0  0  0   0  0   1  0  0  2  9  
Derek Armstrong          1  0  1   2  0   5  1  1  17 15 
Jan Hrdina               0  1  1   0  2   0  0  0  8  9  
Jaroslav Spacek          0  0  0   0  0   1  1  2  0  21 
Joe Sakic                1  1  2   0  0   4  0  0  33 21 
Joffrey Lupul            1  0  1   0  2   2  1  0  0  18 
Jordan Leopold           1  1  2   1  2   2  0  0  0  13 
Karlis Skrastins         0  0  0   0  0   0  0  0  0  18 
Keith Ballard            0  2  2   1  5   0  0  3  0  23 
Ken Klee                 0  0  0   0  0   0  0  2  0  24 
Mike York                0  2  2   1  0   3  0  1  3  20 
Niko Kapanen             0  0  0   0  0   1  0  0  13 8  
Peter Bondra             0  0  0   2  0   2  1  0  2  15 
Pierre Turgeon           1  0  1   0  0   2  0  0  22 15 
Steve Konowalchuk        0  0  0   0  0   3  0  0  1  17 
Vyacheslav Kozlov        0  0  0  -1  0   6  0  0  1  21 
Oilers
Player Name              G  A  P  +/- PIM S  H  SB FO MP 
-----------------------------------------------------------
Ales Hemsky              1  1  2   0  0   7  0  0  1  19 
Brendan Witt             0  0  0   0  6   2  2  1  0  19 
Daniel Tjarnqvist        0  0  0  -1  0   2  1  1  0  18 
Dick Tarnstrom           0  0  0   0  0   1  0  1  0  15 
Ethan Moreau             0  0  0  -1  2   3  5  0  12 17 
Fernando Pisani          0  0  0  -1  0   1  1  0  2  17 
Jarret Stoll             0  1  1   1  0   4  0  2  42 24 
Keith Tkachuk            1  0  1   0  0   5  0  0  0  19 
Marty Reasoner           0  0  0  -1  0   3  0  0  11 11 
Mike Sillinger           0  0  0  -1  0   2  1  0  2  12 
Nicklas Lidstrom         0  1  1   1  0   0  0  5  0  25 
Petr Sykora              0  0  0   0  0   0  0  0  0  6  
Raffi Torres             0  0  0   0  0   1  0  1  5  10 
Ruslan Salei             0  1  1  -1  0   0  0  0  0  23 
Ryan Johnson             0  0  0   0  0   0  0  0  0  9  
Ryan Smyth               1  0  1   0  0   3  1  1  2  21 
Shawn Horcoff            0  0  0  -1  2   5  1  0  28 19 
Steve Staios             0  0  0  -1  0   1  1  2  0  25 

3 Stars

1 - Jordan Leopold (COL)
2 - Derek Armstrong (COL)
3 - Joe Sakic (COL)

Power Play

Avalanche - 1 on 5 Attempt(s) - 20.00%
Oilers - 0 on 4 Attempt(s) - 0.00%

Penalty Kill

Avalanche - 4 on 4 Attempt(s) - 100.00% - Score 0 goal in Penalty Kill
Oilers - 4 on 5 Attempt(s) - 80.00% - Score 0 goal in Penalty Kill

Game Notes

Jussi Markkanen enters game at 0:50 of 2nd period

Finance

Level 1 -- Attendance: 3277 (65.54%) -- Ticket Income $327,700.00
Level 2 -- Attendance: 3873 (91.13%) -- Ticket Income $174,285.00
Level 3 -- Attendance: 2139 (100.00%) -- Ticket Income $64,170.00
Level 4 -- Attendance: 3626 (90.65%) -- Ticket Income $72,520.00
Luxury Box -- Attendance: 714 (71.45%) -- Ticket Income $142,800.00
Game was played at the Rexall Place
Total Attendance: 13629 (83.16%)
Total Ticket Income: $828,330.00
Other Income: $56,073.70
Total Income: $884,404.00


Play by Play

Period #1

0:01 of 1st period - Joe Sakic wins face-off versus Shawn Horcoff in neutral zone.
0:06 of 1st period - Shot by Joffrey Lupul.
0:06 of 1st period - Goal by Joffrey Lupul - Avalanche : 1 - Oilers : 0.
0:07 of 1st period - Jarret Stoll wins face-off versus Derek Armstrong in neutral zone.
0:24 of 1st period - Shot by Derek Armstrong.
0:24 of 1st period - Shot Misses the Net.
0:25 of 1st period - Shot by Keith Ballard.
0:25 of 1st period - Shot Misses the Net.
0:28 of 1st period - Shot by Mike York.
0:28 of 1st period - Stopped by Dwayne Roloson without a rebound.
0:29 of 1st period - Shawn Horcoff wins face-off versus Joe Sakic in Oilers zone.
2:01 of 1st period - Major Penalty to Keith Ballard for Kneeing.
2:02 of 1st period - Jan Hrdina wins face-off versus Jarret Stoll in Avalanche zone.
2:13 of 1st period - Shot by Jarret Stoll.
2:13 of 1st period - Stopped by Jose Theodore with a rebound.
2:16 of 1st period - Shot by Ales Hemsky.
2:16 of 1st period - Stopped by Jose Theodore with a rebound.
2:21 of 1st period - Shot by Jarret Stoll.
2:21 of 1st period - Stopped by Jose Theodore without a rebound.
2:22 of 1st period - Joe Sakic wins face-off versus Mike Sillinger in Avalanche zone.
2:45 of 1st period - Shot by Dick Tarnstrom.
2:45 of 1st period - Stopped by Jose Theodore without a rebound.
2:46 of 1st period - Jarret Stoll wins face-off versus Joe Sakic in Avalanche zone.
2:55 of 1st period - Shot by Ales Hemsky.
2:55 of 1st period - Stopped by Jose Theodore without a rebound.
2:56 of 1st period - Shawn Horcoff wins face-off versus Jan Hrdina in Avalanche zone.
3:51 of 1st period - Shot by Ales Hemsky.
3:51 of 1st period - Stopped by Jose Theodore without a rebound.
3:52 of 1st period - Jan Hrdina wins face-off versus Jarret Stoll in Avalanche zone.
5:11 of 1st period - Shot by Keith Tkachuk.
5:11 of 1st period - Shot Misses the Net.
5:12 of 1st period - Shot by Keith Tkachuk.
5:12 of 1st period - Stopped by Jose Theodore without a rebound.
5:13 of 1st period - Jan Hrdina wins face-off versus Jarret Stoll in Avalanche zone.
5:42 of 1st period - Shot by Jarret Stoll.
5:42 of 1st period - Shot Misses the Net.
5:58 of 1st period - Icing by Brendan Witt.
5:59 of 1st period - Shawn Horcoff wins face-off versus Joe Sakic in Oilers zone.
6:10 of 1st period - Shot by Shawn Horcoff.
6:10 of 1st period - Shot Misses the Net.
6:11 of 1st period - Shot by Brendan Witt.
6:11 of 1st period - Shot Misses the Net.
6:14 of 1st period - Shot by Fernando Pisani.
6:14 of 1st period - Shot Misses the Net.
6:15 of 1st period - Shot by Brendan Witt.
6:15 of 1st period - Shot Misses the Net.
7:10 of 1st period - Shot by Antti Laaksonen.
7:10 of 1st period - Stopped by Dwayne Roloson without a rebound.
7:11 of 1st period - Ethan Moreau wins face-off versus Niko Kapanen in Oilers zone.
7:13 of 1st period - Icing by Raffi Torres.
7:14 of 1st period - Ethan Moreau wins face-off versus Niko Kapanen in Oilers zone.
7:36 of 1st period - Icing by Keith Ballard.
7:37 of 1st period - Jarret Stoll wins face-off versus Niko Kapanen in Avalanche zone.
8:04 of 1st period - Shot by Keith Tkachuk.
8:04 of 1st period - Stopped by Jose Theodore without a rebound.
8:05 of 1st period - Pierre Turgeon wins face-off versus Shawn Horcoff in Avalanche zone.
8:37 of 1st period - Icing by Ryan Smyth.
8:38 of 1st period - Derek Armstrong wins face-off versus Shawn Horcoff in Oilers zone.
9:19 of 1st period - Shot by Keith Tkachuk.
9:19 of 1st period - Shot Misses the Net.
9:20 of 1st period - Shot by Nicklas Lidstrom.
9:20 of 1st period - Shot Misses the Net.
9:21 of 1st period - Shot by Brendan Witt.
9:21 of 1st period - Shot Misses the Net.
9:22 of 1st period - Shot by Nicklas Lidstrom.
9:22 of 1st period - Shot Misses the Net.
10:46 of 1st period - Vyacheslav Kozlov is hit by Ethan Moreau and loses puck.
11:10 of 1st period - Shot by Pierre Turgeon.
11:10 of 1st period - Goal by Pierre Turgeon - Avalanche : 2 - Oilers : 0.
11:11 of 1st period - Pierre Turgeon wins face-off versus Shawn Horcoff in neutral zone.
11:25 of 1st period - Minor Penalty to Jordan Leopold for Diving.
11:26 of 1st period - Shawn Horcoff wins face-off versus Jan Hrdina in neutral zone.
11:31 of 1st period - Shot by Ryan Smyth.
11:31 of 1st period - Shot Misses the Net.
11:54 of 1st period - Shot by Shawn Horcoff.
11:54 of 1st period - Stopped by Jose Theodore without a rebound.
11:55 of 1st period - Jarret Stoll wins face-off versus Jan Hrdina in Avalanche zone.
13:05 of 1st period - Off-side.
13:06 of 1st period - Jan Hrdina wins face-off versus Jarret Stoll in neutral zone.
13:48 of 1st period - Icing by Steve Konowalchuk.
13:49 of 1st period - Pierre Turgeon wins face-off versus Marty Reasoner in Avalanche zone.
14:12 of 1st period - Shot by Niko Kapanen.
14:12 of 1st period - Stopped by Dwayne Roloson without a rebound.
14:13 of 1st period - Jarret Stoll wins face-off versus Joe Sakic in Oilers zone.
14:43 of 1st period - Icing by Nicklas Lidstrom.
14:44 of 1st period - Jarret Stoll wins face-off versus Derek Armstrong in Oilers zone.
14:48 of 1st period - Jarret Stoll is hit by Peter Bondra and loses puck.
15:25 of 1st period - Ryan Smyth is hit by Derek Armstrong and loses puck.
15:46 of 1st period - Joe Sakic is hit by Fernando Pisani and loses puck.
16:45 of 1st period - Icing by Joffrey Lupul.
16:46 of 1st period - Jarret Stoll wins face-off versus Joe Sakic in Avalanche zone.
17:33 of 1st period - Shot by Steve Konowalchuk.
17:33 of 1st period - Stopped by Dwayne Roloson with a rebound.
17:48 of 1st period - Shot by Antti Laaksonen.
17:48 of 1st period - Shot Misses the Net.
17:49 of 1st period - Shot by Karlis Skrastins.
17:49 of 1st period - Shot Blocked by Jarret Stoll.
17:50 of 1st period - Shot by Steve Konowalchuk.
17:50 of 1st period - Stopped by Dwayne Roloson with a rebound.
18:21 of 1st period - Shot by Peter Bondra.
18:21 of 1st period - Stopped by Dwayne Roloson with a rebound.
18:24 of 1st period - Shot by Mike York.
18:24 of 1st period - Stopped by Dwayne Roloson with a rebound.
18:25 of 1st period - Shot by Jordan Leopold.
18:25 of 1st period - Goal by Jordan Leopold - Avalanche : 3 - Oilers : 0.
18:26 of 1st period - Ethan Moreau wins face-off versus Peter Bondra in neutral zone.
18:58 of 1st period - Off-side.
18:59 of 1st period - Shawn Horcoff wins face-off versus Antti Laaksonen in neutral zone.
19:34 of 1st period - Shot by Ryan Smyth.
19:34 of 1st period - Stopped by Jose Theodore without a rebound.
19:35 of 1st period - Ethan Moreau wins face-off versus Niko Kapanen in Avalanche zone.
19:36 of 1st period - Shot by Raffi Torres.
19:36 of 1st period - Shot Blocked by Keith Ballard.
19:38 of 1st period - Icing by Derek Armstrong.
19:39 of 1st period - Ethan Moreau wins face-off versus Brett McLean in Avalanche zone.

Period #2

0:01 of 2nd period - Joe Sakic wins face-off versus Shawn Horcoff in neutral zone.
0:08 of 2nd period - Shot by Joe Sakic.
0:08 of 2nd period - Stopped by Dwayne Roloson without a rebound.
0:09 of 2nd period - Derek Armstrong wins face-off versus Jarret Stoll in Oilers zone.
0:36 of 2nd period - Shot by Ales Hemsky.
0:36 of 2nd period - Stopped by Jose Theodore with a rebound.
0:45 of 2nd period - Shot by Keith Ballard.
0:45 of 2nd period - Shot Blocked by Nicklas Lidstrom.
0:50 of 2nd period - Shot by Derek Armstrong.
0:50 of 2nd period - Goal by Derek Armstrong - Avalanche : 4 - Oilers : 0.
0:50 of 2nd period - Jussi Markkanen enters game.
0:51 of 2nd period - Fernando Pisani wins face-off versus Joe Sakic in neutral zone.
1:14 of 2nd period - Shot by Fernando Pisani.
1:14 of 2nd period - Shot Misses the Net.
1:17 of 2nd period - Shot by Shawn Horcoff.
1:17 of 2nd period - Shot Misses the Net.
1:23 of 2nd period - Icing by Vyacheslav Kozlov.
1:24 of 2nd period - Mike Sillinger wins face-off versus Joe Sakic in Avalanche zone.
1:31 of 2nd period - Shot by Ethan Moreau.
1:31 of 2nd period - Stopped by Jose Theodore without a rebound.
1:32 of 2nd period - Pierre Turgeon wins face-off versus Ethan Moreau in Avalanche zone.
1:51 of 2nd period - Shot by Pierre Turgeon.
1:51 of 2nd period - Shot Blocked by Steve Staios.
2:06 of 2nd period - Shot by Petr Sykora.
2:06 of 2nd period - Shot Blocked by Ken Klee.
2:07 of 2nd period - Shot by Steve Staios.
2:07 of 2nd period - Stopped by Jose Theodore without a rebound.
2:08 of 2nd period - Jarret Stoll wins face-off versus Niko Kapanen in Avalanche zone.
2:18 of 2nd period - Minor Penalty to Brendan Witt for High sticking.
2:19 of 2nd period - Jarret Stoll wins face-off versus Derek Armstrong in neutral zone.
3:12 of 2nd period - Shot by Vyacheslav Kozlov.
3:12 of 2nd period - Stopped by Jussi Markkanen without a rebound.
3:13 of 2nd period - Joe Sakic wins face-off versus Jarret Stoll in Oilers zone.
3:18 of 2nd period - Shot by Jan Hrdina.
3:18 of 2nd period - Shot Blocked by Ryan Smyth.
3:19 of 2nd period - Shot by Joe Sakic.
3:19 of 2nd period - Shot Blocked by Nicklas Lidstrom.
3:20 of 2nd period - Shot by Jaroslav Spacek.
3:20 of 2nd period - Shot Misses the Net.
3:25 of 2nd period - Shot by Joe Sakic.
3:25 of 2nd period - Shot Blocked by Daniel Tjarnqvist.
4:21 of 2nd period - Minor Penalty to Ethan Moreau for Roughing.
4:22 of 2nd period - Jarret Stoll wins face-off versus Peter Bondra in Avalanche zone.
5:27 of 2nd period - Shot by Vyacheslav Kozlov.
5:27 of 2nd period - Shot Misses the Net.
5:30 of 2nd period - Shot by Joe Sakic.
5:30 of 2nd period - Stopped by Jussi Markkanen without a rebound.
5:31 of 2nd period - Jarret Stoll wins face-off versus Joe Sakic in Oilers zone.
5:56 of 2nd period - Shot by Joe Sakic.
5:56 of 2nd period - Shot Misses the Net.
5:59 of 2nd period - Shot by Joe Sakic.
5:59 of 2nd period - Shot Blocked by Jarret Stoll.
6:00 of 2nd period - Shot by Vyacheslav Kozlov.
6:00 of 2nd period - Stopped by Jussi Markkanen without a rebound.
6:01 of 2nd period - Mike York wins face-off versus Raffi Torres in Oilers zone.
6:26 of 2nd period - Shot by Steve Konowalchuk.
6:26 of 2nd period - Shot Misses the Net.
6:31 of 2nd period - Shot by Antti Laaksonen.
6:31 of 2nd period - Stopped by Jussi Markkanen with a rebound.
6:45 of 2nd period - Pierre Turgeon is hit by Ethan Moreau and loses puck.
7:00 of 2nd period - Minor Penalty to Joffrey Lupul for Slashing.
7:01 of 2nd period - Joe Sakic wins face-off versus Shawn Horcoff in Avalanche zone.
7:28 of 2nd period - Shot by Shawn Horcoff.
7:28 of 2nd period - Shot Misses the Net.
7:31 of 2nd period - Shot by Shawn Horcoff.
7:31 of 2nd period - Stopped by Jose Theodore without a rebound.
7:32 of 2nd period - Jarret Stoll wins face-off versus Joe Sakic in Avalanche zone.
7:40 of 2nd period - Icing by Daniel Tjarnqvist.
7:41 of 2nd period - Joe Sakic wins face-off versus Jarret Stoll in Oilers zone.
7:46 of 2nd period - Shot by Joe Sakic.
7:46 of 2nd period - Stopped by Jussi Markkanen without a rebound.
7:47 of 2nd period - Joe Sakic wins face-off versus Jarret Stoll in Oilers zone.
8:53 of 2nd period - Icing by Shawn Horcoff.
8:54 of 2nd period - Shawn Horcoff wins face-off versus Joe Sakic in Oilers zone.
9:05 of 2nd period - Shot by Marty Reasoner.
9:05 of 2nd period - Stopped by Jose Theodore without a rebound.
9:06 of 2nd period - Pierre Turgeon wins face-off versus Marty Reasoner in Avalanche zone.
9:32 of 2nd period - Pierre Turgeon is hit by Steve Staios and loses puck.
9:43 of 2nd period - Off-side.
9:44 of 2nd period - Brett McLean wins face-off versus Shawn Horcoff in neutral zone.
9:52 of 2nd period - Brett McLean is hit by Shawn Horcoff and loses puck.
10:15 of 2nd period - Ryan Smyth is hit by Joffrey Lupul and loses puck.
10:37 of 2nd period - Shot by Derek Armstrong.
10:37 of 2nd period - Stopped by Jussi Markkanen without a rebound.
10:38 of 2nd period - Pierre Turgeon wins face-off versus Ethan Moreau in Oilers zone.
12:03 of 2nd period - Shot by Ales Hemsky.
12:03 of 2nd period - Shot Blocked by Ken Klee.
12:05 of 2nd period - Icing by Keith Ballard.
12:06 of 2nd period - Derek Armstrong wins face-off versus Marty Reasoner in Avalanche zone.
12:06 of 2nd period - Keith Ballard is hit by Brendan Witt and loses puck.
12:22 of 2nd period - Shot by Mike Sillinger.
12:22 of 2nd period - Shot Misses the Net.
12:23 of 2nd period - Shot by Daniel Tjarnqvist.
12:23 of 2nd period - Shot Misses the Net.
12:28 of 2nd period - Shot by Mike Sillinger.
12:28 of 2nd period - Shot Misses the Net.
12:29 of 2nd period - Shot by Brendan Witt.
12:29 of 2nd period - Stopped by Jose Theodore without a rebound.
12:30 of 2nd period - Pierre Turgeon wins face-off versus Shawn Horcoff in Avalanche zone.
12:49 of 2nd period - Shot by Antti Laaksonen.
12:49 of 2nd period - Shot Misses the Net.
12:58 of 2nd period - Shot by Ryan Smyth.
12:58 of 2nd period - Stopped by Jose Theodore without a rebound.
12:59 of 2nd period - Niko Kapanen wins face-off versus Jarret Stoll in Avalanche zone.
13:10 of 2nd period - Shot by Joffrey Lupul.
13:10 of 2nd period - Shot Blocked by Nicklas Lidstrom.
13:19 of 2nd period - Shot by Niko Kapanen.
13:19 of 2nd period - Shot Misses the Net.
13:37 of 2nd period - Icing by Nicklas Lidstrom.
13:38 of 2nd period - Jarret Stoll wins face-off versus Derek Armstrong in Oilers zone.
14:10 of 2nd period - Minor Penalty to Shawn Horcoff for Delaying the game.
14:11 of 2nd period - Joe Sakic wins face-off versus Raffi Torres in Avalanche zone.
15:12 of 2nd period - Shot by Derek Armstrong.
15:12 of 2nd period - Shot Misses the Net.
15:15 of 2nd period - Shot by Derek Armstrong.
15:15 of 2nd period - Shot Blocked by Steve Staios.
15:16 of 2nd period - Shot by Mike York.
15:16 of 2nd period - Shot Misses the Net.
15:19 of 2nd period - Shot by Peter Bondra.
15:19 of 2nd period - Shot Misses the Net.
15:22 of 2nd period - Shot by Mike York.
15:22 of 2nd period - Shot Blocked by Raffi Torres.
15:25 of 2nd period - Shot by Mike York.
15:25 of 2nd period - Stopped by Jussi Markkanen without a rebound.
15:26 of 2nd period - Derek Armstrong wins face-off versus Ryan Smyth in Oilers zone.
15:41 of 2nd period - Shot by Mike York.
15:41 of 2nd period - Shot Blocked by Brendan Witt.
15:44 of 2nd period - Shot by Mike York.
15:44 of 2nd period - Stopped by Jussi Markkanen with a rebound.
15:47 of 2nd period - Shot by Derek Armstrong.
15:47 of 2nd period - Shot Blocked by Dick Tarnstrom.
15:50 of 2nd period - Shot by Derek Armstrong.
15:50 of 2nd period - Stopped by Jussi Markkanen without a rebound.
15:51 of 2nd period - Joe Sakic wins face-off versus Raffi Torres in Oilers zone.
16:19 of 2nd period - Icing by Ken Klee.
16:20 of 2nd period - Shawn Horcoff wins face-off versus Pierre Turgeon in Avalanche zone.
16:21 of 2nd period - Shot by Ryan Smyth.
16:21 of 2nd period - Shot Misses the Net.
16:24 of 2nd period - Shot by Ryan Smyth.
16:24 of 2nd period - Stopped by Jose Theodore without a rebound.
16:25 of 2nd period - Antti Laaksonen wins face-off versus Marty Reasoner in Avalanche zone.
16:34 of 2nd period - Shot by Mike Sillinger.
16:34 of 2nd period - Stopped by Jose Theodore with a rebound.
16:45 of 2nd period - Shot by Antti Laaksonen.
16:45 of 2nd period - Stopped by Jussi Markkanen with a rebound.
16:50 of 2nd period - Shot by Pierre Turgeon.
16:50 of 2nd period - Stopped by Jussi Markkanen without a rebound.
16:51 of 2nd period - Niko Kapanen wins face-off versus Jarret Stoll in Oilers zone.
17:24 of 2nd period - Shot by Joffrey Lupul.
17:24 of 2nd period - Stopped by Jussi Markkanen without a rebound.
17:25 of 2nd period - Derek Armstrong wins face-off versus Shawn Horcoff in Oilers zone.
17:26 of 2nd period - Shot by Peter Bondra.
17:26 of 2nd period - Shot Misses the Net.
17:35 of 2nd period - Shot by Ryan Smyth.
17:35 of 2nd period - Shot Blocked by Mike York.
17:36 of 2nd period - Shot by Steve Staios.
17:36 of 2nd period - Shot Misses the Net.
17:41 of 2nd period - Shot by Shawn Horcoff.
17:41 of 2nd period - Shot Blocked by Keith Ballard.
17:42 of 2nd period - Shot by Steve Staios.
17:42 of 2nd period - Shot Misses the Net.
17:45 of 2nd period - Shot by Shawn Horcoff.
17:45 of 2nd period - Stopped by Jose Theodore without a rebound.
17:46 of 2nd period - Antti Laaksonen wins face-off versus Raffi Torres in Avalanche zone.
17:53 of 2nd period - Shot by Jaroslav Spacek.
17:53 of 2nd period - Shot Blocked by Nicklas Lidstrom.
17:58 of 2nd period - Shot by Raffi Torres.
17:58 of 2nd period - Shot Misses the Net.
18:01 of 2nd period - Shot by Petr Sykora.
18:01 of 2nd period - Stopped by Jose Theodore without a rebound.
18:02 of 2nd period - Marty Reasoner wins face-off versus Joe Sakic in Avalanche zone.
18:02 of 2nd period - Daniel Tjarnqvist is hit by Alexei Zhitnik and loses puck.
18:28 of 2nd period - Shot by Daniel Tjarnqvist.
18:28 of 2nd period - Stopped by Jose Theodore without a rebound.
18:29 of 2nd period - Jarret Stoll wins face-off versus Pierre Turgeon in Avalanche zone.
18:39 of 2nd period - Icing by Karlis Skrastins.
18:40 of 2nd period - Jarret Stoll wins face-off versus Pierre Turgeon in Avalanche zone.
18:45 of 2nd period - Shot by Ales Hemsky.
18:45 of 2nd period - Shot Misses the Net.
18:48 of 2nd period - Shot by Jarret Stoll.
18:48 of 2nd period - Stopped by Jose Theodore with a rebound.
18:49 of 2nd period - Shot by Nicklas Lidstrom.
18:49 of 2nd period - Stopped by Jose Theodore without a rebound.
18:50 of 2nd period - Shawn Horcoff wins face-off versus Derek Armstrong in Avalanche zone.
19:21 of 2nd period - Shot by Fernando Pisani.
19:21 of 2nd period - Stopped by Jose Theodore without a rebound.
19:22 of 2nd period - Jarret Stoll wins face-off versus Joe Sakic in Avalanche zone.
19:23 of 2nd period - Shot by Ales Hemsky.
19:23 of 2nd period - Stopped by Jose Theodore without a rebound.
19:24 of 2nd period - Joe Sakic wins face-off versus Jarret Stoll in Avalanche zone.
19:26 of 2nd period - Icing by Vyacheslav Kozlov.
19:27 of 2nd period - Joe Sakic wins face-off versus Jarret Stoll in Avalanche zone.
19:32 of 2nd period - Shot by Vyacheslav Kozlov.
19:32 of 2nd period - Shot Misses the Net.
19:37 of 2nd period - Shot by Jarret Stoll.
19:37 of 2nd period - Shot Blocked by Jaroslav Spacek.
19:40 of 2nd period - Shot by Keith Tkachuk.
19:40 of 2nd period - Shot Misses the Net.
19:43 of 2nd period - Shot by Jarret Stoll.
19:43 of 2nd period - Shot Blocked by Alexei Zhitnik.
19:46 of 2nd period - Shot by Ales Hemsky.
19:46 of 2nd period - Stopped by Jose Theodore with a rebound.

Period #3

0:01 of 3rd period - Shawn Horcoff wins face-off versus Joe Sakic in neutral zone.
0:08 of 3rd period - Shot by Ryan Smyth.
0:08 of 3rd period - Shot Blocked by Alexei Zhitnik.
0:15 of 3rd period - Shot by Vyacheslav Kozlov.
0:15 of 3rd period - Stopped by Jussi Markkanen with a rebound.
0:16 of 3rd period - Shot by Joe Sakic.
0:16 of 3rd period - Shot Misses the Net.
0:21 of 3rd period - Shot by Vyacheslav Kozlov.
0:21 of 3rd period - Stopped by Jussi Markkanen without a rebound.
0:22 of 3rd period - Jarret Stoll wins face-off versus Derek Armstrong in Oilers zone.
0:31 of 3rd period - Shot by Keith Tkachuk.
0:31 of 3rd period - Shot Blocked by Derek Armstrong.
0:34 of 3rd period - Shot by Ales Hemsky.
0:34 of 3rd period - Shot Blocked by Keith Ballard.
0:35 of 3rd period - Shot by Brendan Witt.
0:35 of 3rd period - Stopped by Jose Theodore without a rebound.
0:36 of 3rd period - Marty Reasoner wins face-off versus Pierre Turgeon in Avalanche zone.
0:40 of 3rd period - Icing by Ken Klee.
0:41 of 3rd period - Shawn Horcoff wins face-off versus Pierre Turgeon in Avalanche zone.
0:57 of 3rd period - Icing by Antti Laaksonen.
0:58 of 3rd period - Jarret Stoll wins face-off versus Pierre Turgeon in Avalanche zone.
1:02 of 3rd period - Icing by Antti Laaksonen.
1:03 of 3rd period - Pierre Turgeon wins face-off versus Jarret Stoll in Avalanche zone.
1:24 of 3rd period - Shot by Keith Tkachuk.
1:24 of 3rd period - Shot Misses the Net.
2:30 of 3rd period - Icing by Ken Klee.
2:31 of 3rd period - Pierre Turgeon wins face-off versus Marty Reasoner in Avalanche zone.
2:43 of 3rd period - Off-side.
2:44 of 3rd period - Niko Kapanen wins face-off versus Ethan Moreau in neutral zone.
3:04 of 3rd period - Raffi Torres is hit by Alexei Zhitnik and loses puck.
3:13 of 3rd period - Icing by Joffrey Lupul.
3:14 of 3rd period - Niko Kapanen wins face-off versus Jarret Stoll in Avalanche zone.
3:24 of 3rd period - Ales Hemsky is hit by Alexei Zhitnik and loses puck.
3:27 of 3rd period - Icing by Brett McLean.
3:28 of 3rd period - Niko Kapanen wins face-off versus Shawn Horcoff in Avalanche zone.
4:17 of 3rd period - Shot by Mike York.
4:17 of 3rd period - Shot Misses the Net.
4:18 of 3rd period - Shot by Jordan Leopold.
4:18 of 3rd period - Stopped by Jussi Markkanen without a rebound.
4:19 of 3rd period - Derek Armstrong wins face-off versus Ethan Moreau in Oilers zone.
4:25 of 3rd period - Mike York is hit by Ethan Moreau and loses puck.
4:46 of 3rd period - Peter Bondra is hit by Ethan Moreau and loses puck.
5:03 of 3rd period - Joe Sakic is hit by Ethan Moreau and loses puck.
5:46 of 3rd period - Icing by Brendan Witt.
5:47 of 3rd period - Pierre Turgeon wins face-off versus Jarret Stoll in Oilers zone.
5:54 of 3rd period - Shot by Ales Hemsky.
5:54 of 3rd period - Goal by Ales Hemsky - Avalanche : 4 - Oilers : 1.
5:55 of 3rd period - Shawn Horcoff wins face-off versus Mike York in neutral zone.
6:03 of 3rd period - Peter Bondra is hit by Ryan Smyth and loses puck.
6:37 of 3rd period - Shot by Steve Konowalchuk.
6:37 of 3rd period - Stopped by Jussi Markkanen without a rebound.
6:38 of 3rd period - Pierre Turgeon wins face-off versus Ethan Moreau in Oilers zone.
6:53 of 3rd period - Shot by Steve Konowalchuk.
6:53 of 3rd period - Shot Misses the Net.
7:07 of 3rd period - Off-side.
7:08 of 3rd period - Fernando Pisani wins face-off versus Joe Sakic in neutral zone.
7:25 of 3rd period - Shot by Joe Sakic.
7:25 of 3rd period - Shot Misses the Net.
7:28 of 3rd period - Shot by Vyacheslav Kozlov.
7:28 of 3rd period - Stopped by Jussi Markkanen without a rebound.
7:29 of 3rd period - Derek Armstrong wins face-off versus Ethan Moreau in Oilers zone.
7:31 of 3rd period - Peter Bondra is hit by Mike Sillinger and loses puck.
7:42 of 3rd period - Icing by Ruslan Salei.
7:43 of 3rd period - Marty Reasoner wins face-off versus Pierre Turgeon in Oilers zone.
7:50 of 3rd period - Shot by Mike Sillinger.
7:50 of 3rd period - Shot Misses the Net.
7:51 of 3rd period - Shot by Mike Sillinger.
7:51 of 3rd period - Stopped by Jose Theodore without a rebound.
7:52 of 3rd period - Joe Sakic wins face-off versus Jarret Stoll in Avalanche zone.
7:59 of 3rd period - Shot by Vyacheslav Kozlov.
7:59 of 3rd period - Shot Misses the Net.
8:00 of 3rd period - Shot by Vyacheslav Kozlov.
8:00 of 3rd period - Shot Misses the Net.
8:03 of 3rd period - Shot by Vyacheslav Kozlov.
8:03 of 3rd period - Stopped by Jussi Markkanen without a rebound.
8:04 of 3rd period - Shawn Horcoff wins face-off versus Derek Armstrong in Oilers zone.
8:16 of 3rd period - Off-side.
8:17 of 3rd period - Joe Sakic wins face-off versus Jarret Stoll in neutral zone.
8:17 of 3rd period - Minor Penalty to Brendan Witt for Interference.
8:18 of 3rd period - Joe Sakic wins face-off versus Jarret Stoll in neutral zone.
8:27 of 3rd period - Shot by Joe Sakic.
8:27 of 3rd period - Goal by Joe Sakic - Avalanche : 5 - Oilers : 1.
8:28 of 3rd period - Marty Reasoner wins face-off versus Pierre Turgeon in neutral zone.
9:07 of 3rd period - Shot by Ethan Moreau.
9:07 of 3rd period - Stopped by Jose Theodore with a rebound.
9:35 of 3rd period - Jarret Stoll is hit by Jaroslav Spacek and loses puck.
9:47 of 3rd period - Shot by Ales Hemsky.
9:47 of 3rd period - Stopped by Jose Theodore with a rebound.
10:24 of 3rd period - Shot by Derek Armstrong.
10:24 of 3rd period - Stopped by Jussi Markkanen without a rebound.
10:25 of 3rd period - Derek Armstrong wins face-off versus Shawn Horcoff in Oilers zone.
11:25 of 3rd period - Antti Laaksonen is hit by Daniel Tjarnqvist and loses puck.
12:25 of 3rd period - Shot by Keith Tkachuk.
12:25 of 3rd period - Goal by Keith Tkachuk - Avalanche : 5 - Oilers : 2.
12:26 of 3rd period - Niko Kapanen wins face-off versus Ethan Moreau in neutral zone.
12:37 of 3rd period - Shot by Joffrey Lupul.
12:37 of 3rd period - Shot Misses the Net.
13:23 of 3rd period - Icing by Ruslan Salei.
13:24 of 3rd period - Pierre Turgeon wins face-off versus Shawn Horcoff in Oilers zone.
13:25 of 3rd period - Shot by Antti Laaksonen.
13:25 of 3rd period - Stopped by Jussi Markkanen without a rebound.
13:26 of 3rd period - Jarret Stoll wins face-off versus Steve Konowalchuk in Oilers zone.
13:44 of 3rd period - Minor Penalty to Brendan Witt for Roughing.
13:45 of 3rd period - Jan Hrdina wins face-off versus Raffi Torres in neutral zone.
13:57 of 3rd period - Minor Penalty to Jan Hrdina for Boarding.
13:58 of 3rd period - Joe Sakic wins face-off versus Ryan Smyth in neutral zone.
14:06 of 3rd period - Off-side.
14:07 of 3rd period - Jarret Stoll wins face-off versus Joe Sakic in neutral zone.
14:10 of 3rd period - Shot by Jarret Stoll.
14:10 of 3rd period - Stopped by Jose Theodore without a rebound.
14:11 of 3rd period - Mike York wins face-off versus Shawn Horcoff in Avalanche zone.
14:24 of 3rd period - Shot by Mike York.
14:24 of 3rd period - Stopped by Jussi Markkanen without a rebound.
14:25 of 3rd period - Jarret Stoll wins face-off versus Joe Sakic in Oilers zone.
14:34 of 3rd period - Shot by Jarret Stoll.
14:34 of 3rd period - Shot Misses the Net.
14:35 of 3rd period - Shot by Daniel Tjarnqvist.
14:35 of 3rd period - Shot Blocked by Jaroslav Spacek.
14:36 of 3rd period - Shot by Daniel Tjarnqvist.
14:36 of 3rd period - Stopped by Jose Theodore without a rebound.
14:37 of 3rd period - Vyacheslav Kozlov wins face-off versus Jarret Stoll in Avalanche zone.
14:52 of 3rd period - Shot by Vyacheslav Kozlov.
14:52 of 3rd period - Shot Blocked by Nicklas Lidstrom.
14:59 of 3rd period - Shot by Ryan Smyth.
14:59 of 3rd period - Goal by Ryan Smyth - Avalanche : 5 - Oilers : 3.
15:00 of 3rd period - Joe Sakic wins face-off versus Shawn Horcoff in neutral zone.
15:13 of 3rd period - Shot by Shawn Horcoff.
15:13 of 3rd period - Shot Blocked by Alexei Zhitnik.
16:20 of 3rd period - Shot by Mike Sillinger.
16:20 of 3rd period - Shot Misses the Net.
16:23 of 3rd period - Shot by Marty Reasoner.
16:23 of 3rd period - Stopped by Jose Theodore with a rebound.
16:24 of 3rd period - Shot by Mike Sillinger.
16:24 of 3rd period - Stopped by Jose Theodore with a rebound.
16:27 of 3rd period - Shot by Ethan Moreau.
16:27 of 3rd period - Stopped by Jose Theodore without a rebound.
16:28 of 3rd period - Ales Hemsky wins face-off versus Niko Kapanen in Avalanche zone.
16:40 of 3rd period - Niko Kapanen is hit by Brendan Witt and loses puck.
16:44 of 3rd period - Shot by Joffrey Lupul.
16:44 of 3rd period - Shot Misses the Net.
16:57 of 3rd period - Shot by Brett McLean.
16:57 of 3rd period - Stopped by Jussi Markkanen without a rebound.
16:58 of 3rd period - Shawn Horcoff wins face-off versus Derek Armstrong in Oilers zone.
17:38 of 3rd period - Icing by Ruslan Salei.
17:39 of 3rd period - Joe Sakic wins face-off versus Shawn Horcoff in Oilers zone.
17:58 of 3rd period - Shot by Jaroslav Spacek.
17:58 of 3rd period - Stopped by Jussi Markkanen without a rebound.
17:59 of 3rd period - Jarret Stoll wins face-off versus Pierre Turgeon in Oilers zone.
19:05 of 3rd period - Icing by Mike Sillinger.
19:06 of 3rd period - Derek Armstrong wins face-off versus Marty Reasoner in Oilers zone.
19:22 of 3rd period - Icing by Mike Sillinger.
19:23 of 3rd period - Marty Reasoner wins face-off versus Niko Kapanen in Oilers zone.
19:54 of 3rd period - Shot by Shawn Horcoff.
19:54 of 3rd period - Stopped by Jose Theodore without a rebound.
19:55 of 3rd period - Pierre Turgeon wins face-off versus Jarret Stoll in Avalanche zone.


Output by the SimonT Hockey Simulator (STHS) for Stephane Roy -- Original Page W3C XHTML 1.0 Valid